 Dungeon Crawl Stone Soup version 0.29-a0-334-gb41bcbb86e (webtiles) character file.

Game seed: 11042879422741791324

2543 iSplat the Fighter (level 9, -19/85 (89) HPs)
             Began as a Minotaur Fighter on Apr 15, 2022.
             Was an Initiate of Gozag.
             Killed from afar by an orc sorcerer (26 damage)
             ... with a bolt of negative energy
             ... while paralysed by an orc sorcerer
             ... on level 7 of the Dungeon.
             The game lasted 00:56:31 (6568 turns).

iSplat the Fighter (Minotaur Fighter)               Turns: 6568, Time: 00:56:32

HP:   -19/85 (89)   AC: 17    Str: 22    XL:     9   Next: 30%
MP:   8/8           EV:  2    Int:  5    God:    Gozag
Gold: 774           SH:  0    Dex: 13    Spells: 8/8 levels left

rFire   . . .      SeeInvis +   a - +1 flail (holy)
rCold   . . .      Faith    .   c - +0 buckler
rNeg    . . .      Spirit   .   f - +0 plate armour
rPois   +          Reflect  .   l - +2 hat
rElec   .          Harm     .   B - +0 cloak
rCorr   .          Rampage  .   (no gloves)
Will    .....                   h - +0 pair of boots
Stlth   ..........              x - amulet of regeneration
HPRegen 1.04/turn               r - ring of see invisible
MPRegen 0.11/turn               A - ring of poison resistance

@: paralysed, lightly drained
A: horns 2, retaliatory headbutt
a: Renounce Religion, Potion Petition, Call Merchant, Bribe Branch


Innate Abilities, Weirdness & Mutations

You have a pair of horns on your head.
You reflexively headbutt those who attack you in melee.

Inventory:

Hand Weapons
 a - a +1 flail of holy wrath (weapon)
   (You took it off Edmund on level 5 of the Dungeon)
 b - a +0 hunting sling
   (You found it on level 2 of the Dungeon)
Missiles
 e - 256 stones
 q - 16 poisoned darts (quivered)
 v - 6 boomerangs
 y - 4 javelins
Armour
 c - a +0 buckler (worn)
 f - a +0 plate armour (worn)
   (You found it on level 1 of the Dungeon)
 h - a +0 pair of boots (worn)
   (You found it on level 1 of the Dungeon)
 l - a +2 hat (worn)
   (You found it on level 1 of the Dungeon)
 B - a +0 cloak (worn)
   (You found it on level 4 of the Dungeon)
Jewellery
 r - a ring of see invisible (left hand)
   (You found it on level 4 of the Dungeon)
 x - an amulet of regeneration (around neck)
   (You found it on level 5 of the Dungeon)
 A - a ring of poison resistance (right hand)
   (You found it on level 6 of the Dungeon)
Scrolls
 g - 2 scrolls of blinking
 j - 2 scrolls of teleportation
 n - a scroll of silence {unknown}
 p - 3 scrolls of amnesia
 t - 2 scrolls of fear
 u - a scroll of brand weapon {unknown}
 C - a scroll of fog {unknown}
Potions
 d - 4 potions of might
 i - 2 potions of mutation {unknown}
 k - 5 potions of heal wounds
 m - 2 potions of haste
 o - a potion of invisibility
 s - 2 potions of flight
 w - a potion of ambrosia
 z - 2 potions of curing
 E - a potion of cancellation {unknown}


   Skills:
 + Level 11.3 Fighting
 - Level 4.0 Maces & Flails
 - Level 8.0 Slings
 - Level 6.0 Armour
 - Level 4.0 Shields


You had 8 spell levels left.
You didn't know any spells.
Your spell library contained the following spells:

 Spells                   Type           Power      Damage    Failure   Level
 Dazzling Flash           Conj/Hex       0%         N/A       100%        3
 Inner Flame              Hex/Fire       0%         N/A       100%        3
 Cause Fear               Hex            0%         N/A       100%        4
 Iskenderun's Mystic Bla  Conj/Tloc      0%         2d3       100%        4
 Starburst                Conj/Fire      0%         6d3       100%        6
 Discord                  Hex            0%         N/A       100%        8


Dungeon Overview and Level Annotations

Branches:
Dungeon (7/15)             Temple (1/1) D:4

Altars:
Cheibriados
Dithmenos
Elyvilon
Fedhas
Gozag
Nemelex Xobeh
Qazlal
Ru
Sif Muna
Uskayaw
Vehumet
Xom
Yredelemnul
Lugonu

Annotations:
D:2 1 runed translucent door, Crazy Yiuf
D:5 2 runed translucent doors, Taurus's ghost, amateur MiBe


You were on level 7 of the Dungeon.
You worshipped Gozag.
Gozag was pleased with you.
You visited 2 branches of the dungeon, and saw 8 of its levels.

You collected 854 gold pieces.
You paid 80 gold pieces to Gozag.
You could see an ice devil (summoned), an orc sorcerer and a red devil (summoned).


Message History

t - 2 scrolls of fear You now have 774 gold pieces (gained 27).
Things that are here:
a +0 dagger; a +0 robe
z - 2 potions of curing (gained 1) Unknown command.
An orc sorcerer comes into view.
It is wielding a +0 dagger and wearing a +2 robe of willpower.
The orc sorcerer shouts!
Unknown command.
Unknown command.
You shoot a sling bullet.
The sling bullet misses the orc sorcerer.
The orc sorcerer casts a spell.
Your +1 flail of holy wrath softly glows with a divine radiance!
a - a +1 flail of holy wrath (weapon)
You thump the orc sorcerer!
The orc sorcerer is moderately wounded.
The orc sorcerer hits you but does no damage.
The ice devil hits you. The ice devil freezes you!!
Unknown command.
Unknown command.
The orc sorcerer casts a spell at you. The bolt of fire misses you.
You barely miss the ice devil.
The orc sorcerer howls an incantation.
You feel troubled. You block the ice devil's attack.
The orc sorcerer gestures wildly while chanting.
The ice devil hits you. The ice devil freezes you!!
Unknown command.
Unknown command.
Unknown command.
The ice devil attacks as you move away! The ice devil hits you.
The ice devil freezes you!
* * * LOW HITPOINT WARNING * * *
The orc sorcerer wildly gestures.
The orc sorcerer glows brightly for a moment.
The orc sorcerer gestures at you while chanting.
You suddenly lose the ability to move!
The orc sorcerer casts a spell at you. The bolt of fire hits you!!
* * * LOW HITPOINT WARNING * * *
The ice devil hits you but does no damage.
The ice devil hits you but does no damage.
The orc sorcerer points at you and mumbles some strange words.
The bolt of negative energy hits the ice devil.
The ice devil completely resists.
The bolt of negative energy hits you!!
You feel drained.
You die...
Your body crumbles into a pile of gold.

................#
#..........
####..≈≈≈≈≈≈≈....#
#........>.
#.≈≈##.##≈≈...#
#....######
#.≈##...##≈..##
#....#8#8#8 #.≈#.....#≈..#
#....#.#.#.
#..≈......4o§.#
#..........
#..≈#.[...#≈..#
#....#.#.#. .≈##...##§4.#
##..##8#8#8 $ ##.##≈≈@###
##.#######
≈≈.≈≈≈....######.### #Y
........##..........##.(.
####.###########...P......
#.. #.._....... #.
#..P.P...... #...........
#.#......... #...........

Notes
Turn   | Place    | Note
-------+----------+-------------------------------------------
     0 | D:1      | iSplat the Minotaur Fighter began the quest for the Orb.
     0 | D:1      | Reached XP level 1. HP: 19/19 MP: 0/0
   264 | D:1      | Reached skill level 3 in Maces & Flails
   345 | D:1      | Reached XP level 2. HP: 25/27 MP: 1/1
   562 | D:1      | Reached skill level 4 in Fighting
   749 | D:1      | Found a faded altar of an unknown god.
  1241 | D:2      | Found a shadowy altar of Dithmenos.
  1292 | D:2      | Reached XP level 3. HP: 33/33 MP: 2/2
  1441 | D:2      | Reached skill level 4 in Maces & Flails
  1642 | D:2      | Found a runed translucent door.
  1643 | D:2      | Noticed Crazy Yiuf
  2091 | D:3      | Reached skill level 4 in Shields
  2091 | D:3      | Reached XP level 4. HP: 41/41 MP: 3/3
  2119 | D:3      | Reached skill level 1 in Slings
  2753 | D:4      | Reached skill level 4 in Armour
  2760 | D:4      | Found a snail-covered altar of Cheibriados.
  2886 | D:4      | Found a staircase to the Ecumenical Temple.
  2895 | Temple   | Entered the Ecumenical Temple
  2943 | Temple   | Became a worshipper of Gozag Ym Sagoz the Greedy
  2966 | D:4      | Noticed a black bear
  2997 | D:4      | Killed a black bear
  2998 | D:4      | Reached skill level 5 in Fighting
  2998 | D:4      | Reached skill level 2 in Slings
  2998 | D:4      | Reached XP level 5. HP: 47/48 MP: 4/4
  3682 | D:4      | Reached skill level 3 in Slings
  3682 | D:4      | Reached skill level 5 in Armour
  3682 | D:4      | Reached XP level 6. HP: 38/56 MP: 5/5
  3876 | D:4      | Found a shimmering blue altar of Sif Muna.
  4087 | D:5      | Entered Level 5 of the Dungeon
  4114 | D:5      | Reached skill level 6 in Fighting
  4154 | D:5      | Reached XP level 7. HP: 57/63 MP: 6/6
  4235 | D:5      | Reached skill level 4 in Slings
  4261 | D:5      | Reached skill level 6 in Armour
  4307 | D:5      | Found a sacrificial altar of Ru.
  4429 | D:5      | Noticed Prince Ribbit
  4452 | D:5      | Killed Prince Ribbit
  4453 | D:5      | Reached skill level 7 in Fighting
  4474 | D:5      | Noticed Edmund
  4479 | D:5      | Reached skill level 5 in Slings
  4482 | D:5      | Killed Edmund
  4640 | D:5      | Noticed a hornet
  4649 | D:5      | Killed a hornet
  4650 | D:5      | Reached skill level 8 in Fighting
  4650 | D:5      | Reached skill level 6 in Slings
  4650 | D:5      | Reached XP level 8. HP: 74/74 MP: 7/7
  4795 | D:5      | Noticed Eustachio
  4809 | D:5      | Killed Eustachio
  4943 | D:5      | Found a large runed translucent door.
  4944 | D:5      | Found a large runed translucent door.
  4946 | D:5      | Noticed Taurus's ghost (amateur MiBe)
  5764 | D:6      | Reached skill level 7 in Slings
  5920 | D:6      | Reached skill level 9 in Fighting
  6294 | D:7      | Found a blossoming altar of Fedhas.
  6359 | D:6      | Reached skill level 8 in Slings
  6359 | D:6      | Reached XP level 9. HP: 85/85 MP: 8/8
  6373 | D:7      | Reached skill level 10 in Fighting
  6486 | D:7      | Noticed a wizard
  6494 | D:7      | Killed a wizard
  6495 | D:7      | Reached skill level 11 in Fighting
  6555 | D:7      | Noticed an orc sorcerer
  6558 | D:7      | Noticed an ice devil
  6563 | D:7      | Noticed a red devil
  6564 | D:7      | HP: 29/89 [ice devil[an orc sorcerer] (17)]
  6565 | D:7      | Paralysed by an orc sorcerer for 4 turns
  6566 | D:7      | HP: 4/89 [orc sorcerer/bolt of fire (28)]
  6568 | D:7      | Killed from afar by an orc sorcerer

Illustrated notes

Skill      XL: |  1  2  3  4  5  6  7  8  9 |
---------------+----------------------------+-----
Maces & Flails | 3 4 |  4.0
Fighting       | 4 5 6 8 9 11 | 11.3
Shields        | 4 |  4.0
Slings         | 2 3 6 8 |  8.0
Armour         | 4 5 6 |  6.0

Action                   |  1- 3 |  4- 6 |  7- 9 || total
-------------------------+-------+-------+-------++-------
Melee: Flail             |    90 |    71 |   134 ||   295
       Headbutt          |     7 |     9 |    29 ||    45
 Fire: Hunting sling     |    14 |    73 |    81 ||   168
Throw: Stone             |    44 |       |       ||    44
       Dart              |       |       |     4 ||     4
  Use: Scroll            |     4 |     2 |     6 ||    12
       Potion            |       |       |     2 ||     2
 Stab: Invisible         |       |       |     1 ||     1
Armor: Plate armour      |    62 |    62 |   136 ||   260
       Scale mail        |     1 |       |       ||     1
Dodge: Dodged            |    23 |    31 |    50 ||   104
Block: Buckler           |    23 |    14 |    47 ||    84

Table legend: (Time is in decaauts)
 A = Elapsed time spent in this place.
 B = Non-inter-level travel time spent in this place.
 C = Inter-level travel time spent in this place.
 D = Time resting spent in this place.
 E = Time spent auto-exploring this place.
 F = Levels seen in this place.
 G = Mean time per level.
                   A        B        C        D        E       F      G
               +--------+--------+--------+--------+--------+-----+--------+
         Total |   6739 |   6529 |    210 |    796 |   1864 |   8 |  842.4 |
       Dungeon |   6678 |   6479 |    199 |    796 |   1840 |   7 |  954.0 |
        Temple |     60 |     49 |     11 |      0 |     24 |   1 |   60.0 |
               +--------+--------+--------+--------+--------+-----+--------+

Top non-repeatable levels by time:
     D:4: 1493 daAuts
     D:1: 1258 daAuts
     D:5: 1095 daAuts
     D:6: 1056 daAuts
     D:3: 767 daAuts
     D:2: 661 daAuts
     D:7: 345 daAuts
  Temple: 60 daAuts

Table legend:
 A = Kills in this place as a percentage of kills in entire the game.
 B = Kills by you in this place as a percentage of kills by you in the entire game.
 C = Kills by friends in this place as a percentage of kills by friends in the entire game.
 D = Other kills in this place as a percentage of other kills in the entire game.
 E = Experience gained in this place as a percentage of experience gained in the entire game.
 F = Experience gained in this place divided by the number of levels of this place that you have seen.
                   A       B       C       D       E      F
               +-------+-------+-------+-------+-------+----------------------
         Total | 100.0 | 100.0 |   N/A | 100.0 | 100.0 | 454.1
       Dungeon | 100.0 | 100.0 |   N/A | 100.0 | 100.0 | 519.0
               +-------+-------+-------+-------+-------+----------------------

Vanquished Creatures
  Prince Ribbit (D:5)
  A hornet (D:5)
  Eustachio (D:5)
  A steam dragon (D:7)
  Edmund (D:5)
  2 sky beasts
  2 black bears (D:4)
  3 phantoms
  A kobold brigand (D:6)
  A bullfrog (D:6)
  A necrophage (D:5)
  3 scorpions
  A jelly (D:6)
  A gnoll shaman (D:6)
  An orc priest (D:4)
  2 hounds
  2 iguanas
  4 gnolls (D:6)
  7 adders
  A shadow imp (D:5)
  2 white imps (D:6)
  A worm (D:5)
  3 dart slugs
  9 orcs
  8 ball pythons
  6 bats
  6 endoplasms
  5 giant cockroaches
  7 goblins
  8 hobgoblins
  10 jackals
  9 kobolds
  4 quokkas
  4 frilled lizards
  4 rats
123 creatures vanquished.

Vanquished Creatures (others)
  A wizard (D:7)
  An orc wizard (D:4)
  A plant (D:7)
3 creatures vanquished.

Grand Total: 126 creatures vanquished

Levels and vault maps discovered:
D:1:      nzn_arrival_depleted_hourglass, layout_basic,
          chequers_ecumenical_altar_simple_redux
D:2:      layout_rooms, basic_altar, minmay_tromino_v4_c,
          uniq_crazy_yiuf_cottage
D:3:      layout_rooms, minmay_misc_feat_five
D:4:      layout_basic, kennysheep_slug_shrine, tgw_sif,
          minmay_temple_entry_tees, minivault_14, kennysheep_cross_room,
          dreamdust_princess_bridge, st_stairs_5
D:5:      layout_basic, nicolae_ru_awakened_eye, ebering_ghost_disaster_area,
          minmay_crystal_room, uniq_prince_ribbit1, uniq_eustachio, uniq_edmund
D:6:      layout_basic
D:7:      cheibrodos_wizards_tower, layout_cave_pods, evilmike_ruin_ashenzari,
          old_standard_altar, fedhas_altar_1, minmay_misc_feat_hallway
Temple:   corrupted_temple
